 Dungeon Crawl Stone Soup version 0.27.1-35-g4d5d836560 (webtiles) character file.

Game seed: 13749991383271642208

609 cbfl8 the Sneak (level 7, -5/61 HPs)
             Began as a Minotaur Delver on Mar 18, 2022.
             Slain by Blork the orc (24 damage)
             ... on level 4 of the Dungeon.
             The game lasted 00:09:32 (4633 turns).

cbfl8 the Sneak (Minotaur Delver)                   Turns: 4633, Time: 00:09:32

Health: -5/61      AC: 14    Str: 18    XL:     7   Next: 19%
Magic:  6/6        EV:  6    Int:  7    God:
Gold:   163        SH:  0    Dex: 12    Spells: 6/6 levels left

rFire    . . .     SeeInvis .   h - +0 flail (venom)
rCold    . . .     Faith    .   (no shield)
rNeg     . . .     Spirit   .   r - +0 plate armour
rPois    .         Reflect  .   q - +0 hat
rElec    .         Harm     .   p - +0 cloak
rCorr    .         Rampage  .   (no gloves)
Will     .....                  w - +0 pair of boots
Stlth    ..........             (no amulet)
HPRegen  0.20/turn              (no ring)
MPRegen  0.10/turn              (no ring)

@: no status effects
A: horns 2, retaliatory headbutt
a: no special abilities


You were on level 4 of the Dungeon.
You visited 1 branch of the dungeon, and saw 5 of its levels.

You collected 163 gold pieces.

Inventory:

Hand Weapons
 a - a +0 hand axe
 h - a +0 flail of venom (weapon)
Armour
 b - a +0 leather armour
 i - a +0 ring mail
 j - a +0 scale mail
 p - a +0 cloak (worn)
 q - a +0 hat (worn)
 r - a +0 plate armour (worn)
 w - a +0 pair of boots (worn)
Wands
 g - a wand of digging (3)
Scrolls
 c - a scroll of fog
 d - a scroll of magic mapping
 e - a scroll of fear
 k - 2 scrolls of teleportation {unknown}
 o - a scroll of identify {unknown}
 u - a scroll of enchant weapon {unknown}
 v - a scroll of silence {unknown}
Potions
 f - 2 potions of haste
 l - a potion of curing {unknown}
 m - 2 potions of degeneration {unknown}
 n - 2 potions of flight {unknown}
 s - a potion of lignification {unknown}
 t - 2 potions of might


   Skills:
 + Level 5.0 Fighting
 + Level 3.6(4.3) Axes
 + Level 3.5(4.3) Maces & Flails
 + Level 4.5 Armour
 + Level 3.1 Dodging
 + Level 5.5 Stealth


You had 6 spell levels left.
You didn't know any spells.
Your spell library contained the following spells:

 Spells                   Type           Power      Damage    Failure   Level
 Pain                     Necr           0%         1d4       100%        1
 Slow                     Hex            0%         N/A       100%        2
 Confusing Touch          Hex            0%         N/A       100%        3
 Vampiric Draining        Necr           0%         2d6       100%        3


Dungeon Overview and Level Annotations

Branches:
Dungeon (5/15)
 Temple: D:4-7

Altars:
Ashenzari
Kikubaaqudgha
Sif Muna
Vehumet
Xom

Annotations:
D:2 Natasha; Robin
D:4 1 runed translucent door, Blork the orc; cbfl8's ghost, weakling MiDe


Innate Abilities, Weirdness & Mutations

You have a pair of horns on your head.
You reflexively headbutt those who attack you in melee.


Message History

Things that are here:
a +0 club; a goblin corpse The crimson imp shouts!
Blork the orc shouts!
Blork the orc gestures wildly while chanting.
Blork the orc seems to speed up.
The crimson imp blinks!
Blork the orc miscasts a cantrip.
Blork the orc casts a spell at you.
The puff of frost hits you but does no damage.
Blork the orc hits you with the +9 hand axe "Mana" {flame, Str+3}.
Blork the orc burns you. Blork the orc casts a spell at you.
The puff of flame hits you.
You hit Blork the orc but do no damage.
Blork the orc is poisoned.
Blork the orc points at you and mumbles some strange words.
The puff of frost hits you.
Blork the orc hits you with the +9 hand axe "Mana" {flame, Str+3}.
Blork the orc burns you.
You hit Blork the orc.
Blork the orc looks even sicker.
Blork the orc is moderately wounded.
A hobgoblin comes into view.
Blork the orc casts a spell at you. The puff of frost hits you.
The hobgoblin shouts!
You hit Blork the orc.
Blork the orc looks as sick as possible!
Blork the orc is moderately wounded.
Blork the orc points at you and mumbles some strange words.
The puff of frost hits you but does no damage.
Blork the orc drinks a potion.
Blork the orc seems to grow stronger.
You closely miss Blork the orc.
Blork the orc is moderately wounded.
Blork the orc hits you with the +9 hand axe "Mana" {flame, Str+3}!
Blork the orc burns you. Blork the orc barely misses you.
You sock Blork the orc!
Blork the orc looks as sick as possible!
Blork the orc is severely wounded.
Blork the orc barely misses you.
Blork the orc hits you with the +9 hand axe "Mana" {flame, Str+3}!!
You die...

#.# #.# #.# #.# ##.###
########....#### ...............#
#########
########....##.##########........
...'.......o@.........)......
####...###..#5........#......
#...# ##.#.........#.##### ....#
#.#.g.......#.# ....##
#...........#'# .....#
##............. # ...............
# ..#.#######.... .## # ...


You could see Blork the orc (fast, strong, extremely poisoned), a crimson imp
and a hobgoblin.

Vanquished Creatures
  Edmund (D:4)
  2 crimson imps (D:4)
  3 hounds
  A bullfrog skeleton (D:5)
  An iguana (D:5)
  A centaur skeleton (D:4)
  5 orc wizards (D:3)
  5 adders
  2 dart slugs (D:3)
  11 orcs
  2 ball pythons
  2 bats (D:1)
  2 endoplasms (D:1)
  2 giant cockroaches
  7 hobgoblins
  5 quokkas
  2 frilled lizards
  9 goblins
  5 kobolds
  5 rats
73 creatures vanquished.

Vanquished Creatures (others)
  A demonic plant (D:1)
  A withered plant (D:1)
2 creatures vanquished.

Grand Total: 75 creatures vanquished

Notes
Turn   | Place    | Note
-------+----------+-------------------------------------------
     0 | D:5      | cbfl8 the Minotaur Delver began the quest for the Orb.
     0 | D:5      | Reached XP level 1. HP: 19/19 MP: 0/0
    97 | D:5      | Reached XP level 2. HP: 18/27 MP: 1/1
    97 | D:5      | Reached XP level 3. HP: 22/33 MP: 2/2
   650 | D:5      | Reached skill level 1 in Armour
   650 | D:5      | Reached skill level 5 in Stealth
   650 | D:5      | Reached XP level 4. HP: 26/40 MP: 3/3
   989 | D:4      | Noticed Blork the orc
  1066 | D:5      | Reached XP level 5. HP: 26/46 MP: 4/4
  1369 | D:4      | Noticed Edmund
  1516 | D:4      | Found a shimmering altar of Xom.
  1522 | D:4      | Reached skill level 1 in Maces & Flails
  1578 | D:4      | Found a runed translucent door.
  1578 | D:4      | Noticed cbfl8's ghost (weakling MiDe)
  1642 | D:4      | Killed Edmund
  1643 | D:4      | Reached XP level 6. HP: 8/53 MP: 5/5
  2763 | D:1      | Found a faded altar of an unknown god.
  3456 | D:2      | Noticed Robin
  3459 | D:2      | Noticed Natasha
  3916 | D:3      | Found a broken altar of Ashenzari.
  3954 | D:3      | Found an ancient bone altar of Kikubaaqudgha.
  4219 | D:3      | Got Kikubaaqudgha's Handbook of Unholy Rites
  4227 | D:3      | Found a radiant altar of Vehumet.
  4232 | D:3      | Reached XP level 7. HP: 60/60 MP: 6/6
  4241 | D:3      | Found a shimmering blue altar of Sif Muna.
  4299 | D:3      | Reached skill level 5 in Fighting
  4624 | D:4      | Identified the +9 hand axe "Mana" {flame, Str+3}
  4633 | D:4      | Slain by Blork the orc

Illustrated notes

Levels and vault maps discovered:
D:1:      lightli_iron_boxes, layout_loops_corners,
          shapermc_ecumenical_altar_gd, hangedman_decor_push, minmay_box_of_dots
D:2:      layout_loops_ring, serial_shops,
          nicolae_shop_competitors_out_of_business, uniq_sigmund, uniq_natasha,
          uniq_jessica, uniq_robin
D:3:      layout_loops_cross, palyth_temple_overflow_mages, lemuel_doored_altar,
          minmay_tree_intersection
D:4:      layout_basic, mainiacjoe_overflow_small_starburst, led_xom_imps,
          ebering_ghost_sewer_f, uniq_blork_the_orc, uniq_edmund
D:5:      layout_basic, chequers_temple_overflow_statue_of_worship

Skill      XL: |  1  2  3  4  5  6  7 |
---------------+----------------------+-----
Fighting       | 4 5 |  5.0
Armour         | 1 3 4 |  4.5
Stealth        | 5 |  5.5
Axes           | 3 |  3.6
Maces & Flails | 2 3 |  3.5
Dodging        | 3 |  3.1

Action                   |  1- 3 |  4- 6 |  7- 9 || total
-------------------------+-------+-------+-------++-------
Melee: Hand axe          |    22 |       |       ||    22
       Headbutt          |     5 |    24 |     5 ||    34
       Flail             |     9 |   127 |    36 ||   172
  Use: Scroll            |       |     1 |       ||     1
Armor: Leather armour    |     4 |       |       ||     4
       Scale mail        |     4 |    24 |       ||    28
       Plate armour      |       |   106 |    17 ||   123
Dodge: Dodged            |    24 |    79 |    16 ||   119
